 Dungeon Crawl Stone Soup version 0.29-a0-233-g1125b37a9b (webtiles) character file.

Game seed: 5992842485916711447

25 spaghetti the Ducker (level 3, 0/26 HPs)
             Began as an Octopode Fighter on Mar 1, 2022.
             Slain by an adder (1 damage)
             ... on level 2 of the Dungeon.
             The game lasted 00:01:25 (1149 turns).

spaghetti the Ducker (Octopode Fighter)             Turns: 1149, Time: 00:01:25

Health: 0/26       AC:  1    Str: 12 (15) XL:     3   Next: 6%
Magic:  3/3        EV: 13    Int:  7 (10) God:
Gold:   33         SH:  4    Dex: 11 (13) Spells: 2/2 levels left

rFire   . . .      SeeInvis .   d - +0 whip (freeze) {mace}
rCold   . . .      Faith    .   a - +0 buckler
rNeg    . . .      Spirit   .   (helmet restricted)
rPois   .          Reflect  .   (no amulet)
rElec   .          Harm     .   (no ring)
rCorr   .          Rampage  .   (no ring)
Will    .....                   (no ring)
Stlth   ++........              (no ring)
HPRegen 0.08/turn               (no ring)
MPRegen 0.08/turn               (no ring)
                                (no ring)
                                (no ring)

@: brilliant
A: almost no armour, amphibious, 8 rings, camouflage 1, gelatinous body 1,
(nimble swimmer 1), tentacles
a: no special abilities


You were on level 2 of the Dungeon.
You visited 1 branch of the dungeon, and saw 2 of its levels.

You collected 33 gold pieces.


Innate Abilities, Weirdness & Mutations

You cannot wear most types of armour.
You are amphibious.
You can wear up to eight rings at the same time.
Your skin changes colour to match your surroundings (Stealth+).
Your rubbery body absorbs attacks. (AC +1, EV +1)
((You are camouflaged when in or above water. (Stealth+)))
You have tentacles for arms and can constrict up to eight enemies at once.


   Skills:
 - Level 3.0 Fighting
 + Level 4.1 Dodging
 - Level 3.0 Shields
 - Level 2.0 Unarmed Combat


You had 2 spell levels left.
You didn't know any spells.
Your spell library contained the following spells:

 Spells                   Type           Power      Damage    Failure   Level
 Magic Dart               Conj           0%         1d3       52%         1
 Call Imp                 Summ           0%         N/A       67%         2
 Corpse Rot               Necr/Air       0%         N/A       67%         2
 Poisonous Vapours        Pois/Air       0%         N/A       67%         2
 Static Discharge         Conj/Air       0%         N/A       67%         2
 Mephitic Cloud           Conj/Pois/Air  0%         N/A       88%         3
 Lightning Bolt           Conj/Air       0%         1d11      100%        5
 Maxwell's Capacitive Co  Air            0%         ∞         100%        8

Inventory:

Hand Weapons
 c - a +0 club {mace}
   (You took it off a kobold on level 1 of the Dungeon)
 d - a +0 whip of freezing (weapon) {mace}
   (You took it off a kobold on level 1 of the Dungeon)
Missiles
 f - 20 stones (quivered) {throwing}
Armour
 a - a +0 buckler (worn)
Potions
 b - 2 potions of might
 e - a potion of brilliance
 h - a potion of curing {unknown}

Dungeon Overview and Level Annotations

Branches:
Dungeon (2/15)

Altars:

#..# #..### .#
##!... #.# .... ....
#..# .....
#..##.....
##..#.......
#S<.........
#@#.######.######
#.S.#.# .......
#.###.# ##....... ##
#.# #........ #.#
#........
#.#####<.......
#>.............
#..............
######..............


You could see 2 adders.


Message History

You climb downwards.
Found a stone staircase leading down.
There is a stone staircase leading up here.
A goblin is nearby!
Unknown command.
Unknown command.
A goblin is nearby!
A hobgoblin comes into view.
The hobgoblin shouts!
You closely miss the goblin.
The goblin shouts!
Your grab misses the goblin. Your squeeze misses the goblin.
You block the goblin's attack.
You closely miss the hobgoblin. Your grab misses the hobgoblin.
The hobgoblin barely misses you. The goblin barely misses you.
The hobgoblin barely misses you.
You hit the hobgoblin but do no damage. Your grab misses the hobgoblin.
You block the goblin's attack. The hobgoblin closely misses you.
You barely miss the hobgoblin. Your grab misses the hobgoblin.
You squeeze the hobgoblin.
You kill the hobgoblin!
You block the goblin's attack.
You have reached level 3!
Your experience leads to an increase in your attributes!
Increase (S)trength, (I)ntelligence, or (D)exterity?
You feel agile. x2 😎 HP[+5] MP[+1]
You now have 26 max hp (+5).
Your hp is fully restored (26).
Your mp is fully restored (3).
You barely miss the goblin. You grab the goblin. You constrict the goblin.
The goblin closely misses you.
You barely miss the goblin. You squeeze the goblin.
You kill the goblin!
No target in view!
No target in view!
No target in view!
No target in view!
No target in view!
No target in view!
Things that are here:
a +0 club {mace}; a +0 hunting sling {sling}; a goblin corpse
i - a scroll labelled KOKHUU RENLE Unknown command.
As you read the scroll labelled KOKHUU RENLE, it crumbles to dust.
It is a scroll of brand weapon.
Your +0 whip of pain {mace} is covered with a thin layer of ice!
d - a +0 whip of freezing (weapon)
{mace}
Found a stone staircase leading up.
There is a stone staircase leading down here.
An adder comes into view.
An adder is nearby!
An adder comes into view.
The adder hisses angrily.
There is a stone staircase leading up here.
The adder hisses angrily.
The adder bites you. 😕 HP[-2]
You take 2 damage, and now have 24/26 hp.
You hit the adder.
The adder seems to slow down.
You freeze the adder. Your grab misses the adder. The adder bites you. 😕 HP[-4]
You take 4 damage, and now have 20/26 hp.
You miss the adder. Your grab misses the adder. The adder closely misses you.
You closely miss the adder. Your grab misses the adder. The adder bites you.
You are poisoned.
The adder poisons you! The adder bites you.
The adder barely misses you. 😮 HP[-5]
You take 5 damage, and now have 15/26 hp.
You are too injured to fight recklessly!
You barely miss the adder. Your grab misses the adder.
Your squeeze misses the adder.
You feel sick.
The adder is no longer moving slowly.
The adder misses you. The adder barely misses you. 😨 HP[-2]
You take 2 damage, and now have 13/26 hp.
You closely miss the adder. Your grab misses the adder. You squeeze the adder.
You feel sick. The adder bites you.
* * * LOW HITPOINT WARNING * * *
The adder closely misses you. The adder barely misses you. 😨 HP[-3]
You take 3 damage, and now have 10/26 hp.
You closely miss the adder. Your grab misses the adder.
You feel sick.
You are no longer poisoned.
The adder barely misses you. You block the adder's attack.
The adder closely misses you. 😨 HP[-1]
You take 1 damage, and now have 9/26 hp.
It was a potion of brilliance.
You feel clever all of a sudden. You block the adder's attack.
The adder bites you.
* * * LOW HITPOINT WARNING * * *
😱 HP[-4]
You take 4 damage, and now have 5/26 hp.
It was a potion of degeneration.
There was something very wrong with that liquid.
You feel weakened.
You feel dopey.
You feel clumsy. The adder barely misses you. The adder bites you.
* * * LOW HITPOINT WARNING * * *
The adder bites you.
You die...

Skill      XL: |  1  2 |
---------------+-------+-----
Dodging        | 4 |  4.1
Fighting       | |  3.0
Shields        | |  3.0
Unarmed Combat | |  2.0

Action                   || total
-------------------------++-------
Melee: Unarmed           ||    13
       Constrict         ||    11
       Whip              ||    39
       Tentacles         ||    11
       Punch             ||     1
  Use: Potion            ||     2
       Scroll            ||     1
 Stab: Sleeping          ||     2
Armor: Skin              ||     3
Dodge: Dodged            ||    38
Block: Buckler           ||    13

Levels and vault maps discovered:
D:1:      dpeg_arrival_shrine, layout_loops_ring
D:2:      layout_rooms, ebering_ecumenical_altar_webs, uniq_sigmund

Notes
Turn   | Place    | Note
-------+----------+-------------------------------------------
     0 | D:1      | spaghetti the Octopode Fighter began the quest for the Orb.
     0 | D:1      | Reached XP level 1. HP: 16/16 MP: 1/1
     0 | D:1      | magus.rc [v1.9.6]
    89 | D:1      | You pick up a book of Lightning and begin reading...
    89 | D:1      | You add the spells Static Discharge, Lightning Bolt and
                  | Maxwell's Capacitive Coupling to your library.
   174 | D:1      | Reached XP level 2. HP: 8/21 MP: 2/2
   372 | D:1      | You pick up a book of Vapours and begin reading...
   372 | D:1      | You add the spells Poisonous Vapours and Corpse Rot to your
                  | library.
   417 | D:1      | You pick up a book of Minor Magic and begin reading...
   417 | D:1      | You add the spells Magic Dart, Call Imp and Mephitic Cloud
                  | to your library.
   738 | D:1      | Reached skill level 4 in Dodging
  1117 | D:2      | Reached XP level 3. HP: 26/26 MP: 3/3
  1148 | D:2      | HP: 5/26 [adder (4)]
  1149 | D:2      | HP: 1/26 [adder (4)]
  1149 | D:2      | Slain by an adder

Vanquished Creatures
  3 ball pythons (D:1)
  3 bats (D:1)
  2 endoplasms (D:1)
  2 giant cockroaches (D:1)
  2 goblins
  2 hobgoblins
  A quokka (D:1)
  A frilled lizard (D:1)
  5 kobolds (D:1)
  A rat (D:1)
22 creatures vanquished.

Table legend:
 A = Non-vault XP
 B = Vault XP
 C = Vault XP percentage of total XP
 D = Non-vault monster count
 E = Vault monster count
 F = Vault count percentage of total count
                 A         B        C        D         E       F
            +---------+---------+-------+---------+---------+-------
      Total |      37 |       0 |   0.0 |      22 |       0 |   0.0
            +---------+---------+-------+---------+---------+-------
        D:1 |      33 |       0 |   0.0 |      20 |       0 |   0.0
        D:2 |       4 |       0 |   0.0 |       2 |       0 |   0.0
            +---------+---------+-------+---------+---------+-------

Illustrated notes

Table legend:
 A = Kills in this place as a percentage of kills in entire the game.
 B = Kills by you in this place as a percentage of kills by you in the entire game.
 C = Kills by friends in this place as a percentage of kills by friends in the entire game.
 D = Other kills in this place as a percentage of other kills in the entire game.
 E = Experience gained in this place as a percentage of experience gained in the entire game.
 F = Experience gained in this place divided by the number of levels of this place that you have seen.
                   A       B       C       D       E      F
               +-------+-------+-------+-------+-------+----------------------
         Total | 100.0 | 100.0 |   N/A |   N/A | 100.0 |  18.5
       Dungeon | 100.0 | 100.0 |   N/A |   N/A | 100.0 |  18.5
               +-------+-------+-------+-------+-------+----------------------

Table legend: (Time is in decaauts)
 A = Elapsed time spent in this place.
 B = Non-inter-level travel time spent in this place.
 C = Inter-level travel time spent in this place.
 D = Time resting spent in this place.
 E = Time spent auto-exploring this place.
 F = Levels seen in this place.
 G = Mean time per level.
                   A        B        C        D        E       F      G
               +--------+--------+--------+--------+--------+-----+--------+
         Total |   1154 |   1123 |     31 |    234 |    719 |   2 |  577.0 |
       Dungeon |   1154 |   1123 |     31 |    234 |    719 |   2 |  577.0 |
               +--------+--------+--------+--------+--------+-----+--------+

Top non-repeatable levels by time:
     D:1: 1110 daAuts
     D:2: 43 daAuts
